 Dungeon Crawl Stone Soup version 0.30-a0-137-gd8773701ce (webtiles) character file.

Game seed: 2819021211654994081

261 themarg the Magician (level 6, -3/41 HPs)
             Began as a Djinni Fire Elementalist on Sept 22, 2022.
             Shot with an arrow by a centaur (10 damage)
             ... on level 4 of the Dungeon.
             The game lasted 00:15:57 (4723 turns).

themarg the Magician (Djinni Fire Elementalist)     Turns: 4723, Time: 00:15:57

Health: -3/41      AC:  3    Str:  7    XL:     6   Next: 42%
Gold:   245        EV: 12    Int: 19    God:
                   SH:  0    Dex: 13

rFire   + + .      SeeInvis +    m - +2 dagger (drain)
rCold   x . .      Faith    .    (no shield)
rNeg    . . .      Spirit   .    a - +0 robe
rPois   ∞          Reflect  .    (no helmet)
rElec   .          Harm     .    v - +0 cloak
rCorr   .          Rampage  .    (no gloves)
Will    .....                    (boots unavailable)
Stlth   ++........               (no amulet)
HPRegen 0.13/turn                c - ring of see invisible
MPRegen 0.00/turn                (no ring)

@: attractive, flying
A: sickness immunity, fire resistance 2, cold vulnerability 1, float, innate
caster, HP casting, extra vitality 1
a: no special abilities


You were on level 4 of the Dungeon.
You visited 1 branch of the dungeon, and saw 4 of its levels.

You collected 245 gold pieces.

Inventory:

Hand Weapons
 d - a +1 whip of electrocution
 m - a +2 dagger of draining (weapon)
Missiles
 s - 6 poisoned darts
Armour
 a - a +0 robe (worn)
 v - a +0 cloak (worn)
Magical Staves
 k - a staff of earth
Jewellery
 c - a ring of see invisible (left hand)
 p - an amulet of faith
Wands
 w - a wand of acid (13)
 x - a wand of flame (18)
Scrolls
 e - a scroll of blinking {unknown}
 f - 4 scrolls of teleportation {unknown}
 g - a scroll of immolation {unknown}
 i - 2 scrolls of fear {unknown}
 l - 2 scrolls of identify {unknown}
 n - 2 scrolls of poison {unknown}
 q - a scroll of magic mapping {unknown}
 u - a scroll of vulnerability {unknown}
Potions
 b - a potion of heal wounds {unknown}
 h - 3 potions of curing
 j - a potion of lignification {unknown}
 o - a potion of attraction
 r - 2 potions of might {unknown}
 t - a potion of haste


   Skills:
 - Level 0.4 Fighting
 - Level 0.1 Short Blades
 - Level 2.2 Dodging
 + Level 2.1 Stealth
 + Level 5.0 Spellcasting


You couldn't memorise any spells.
You knew the following spells:

 Your Spells              Type           Power      Damage    Failure   Level
a - Foxfire               Conj/Fire      92%        2x1d8     1%          1
b - Scorch                Fire           46%        2d7       2%          2
c - Kindle Blastsparks    Fire/Tloc/Air  46%        2d13      4%          3
d - Inner Flame           Hex/Fire       23%        N/A       4%          3
e - Flame Wave            Conj/Fire      23%        2d8       16%         4
f - Necrotise             Necr           92%        1d8       1%          1
g - Searing Ray           Conj           46%        2d6       2%          2
Your spell library was empty.

Dungeon Overview and Level Annotations

Branches:
Dungeon (4/15)
 Temple: D:4-7

Altars:
Makhleb
Yredelemnul
The Shining One

Shops:
D:2 [

Annotations:
D:2 Sigmund


Innate Abilities, Weirdness & Mutations

You are immune to sickness and miasma.
You are immune to poison.
Your flesh is very heat resistant. (rF++)
You are vulnerable to cold. (rC-)
You float through the air rather than walking.
You learn spells naturally, not from books.
Your magical power is your life essence.
You have superior vitality. (+4 MHP)


Message History

Press: ? - help, Dir - move target, f - orc priest
Aim: an orc priest, wielding a +3 short sword (chance to affect: 78%)
The orc priest is filled with an inner flame.
The orc priest invokes the aid of Beogh against you.
Pain shoots through your body!
Casting: Inner Flame (dangerous; 5% risk of failure)
Confirm with . or Enter, or press ? or * to list all spells.
You conjure some foxfire!
The orc priest mumbles some strange prayers to Beogh against you.
Pain shoots through your body!
Your foxfire dissipates!
An endoplasm comes into view.
The foxfire hits the orc priest!
Flame seeps out of the orc priest.
The orc priest is heavily wounded.
The endoplasm moves out of view.
The orc priest is engulfed in blazing flames.
The orc priest explodes!
You feel a bit more experienced.
You hear a shout! x2
Your Spellcasting skill increases to level 5!
You start resting.
A centaur comes into view. It is carrying a wand of acid (3).
The centaur shouts!
The centaur wields a +0 shortbow.
The centaur shoots an arrow.
The arrow hits you.
Found 5 stones.
Casting: Foxfire (safe; 1% risk of failure)
Confirm with . or Enter, or press ? or * to list all spells.
Aiming: Inner Flame (dangerous; 4% risk of failure)
Press: ? - help, Dir - move target, f - centaur
Aim: a centaur, wielding a +0 shortbow and carrying a wand of acid (3) (chance to affect: 78%)
The centaur is filled with an inner flame.
The centaur shoots an arrow.
The arrow barely misses you.
The centaur shoots an arrow.
The arrow hits you!
The centaur shoots an arrow.
The arrow hits you.
* * * LOW HITPOINT WARNING * * *
It was a potion of attraction.
You feel attractive to monsters.
The centaur shoots an arrow.
The arrow hits you!
You die...

#. ####..... #.
###################....####
#.##
#........c.#........####
...# #.##.#..##...########
.#.# ##.#..P...#....#
...###..#......#..#.#
........'.P....#..#.#
..##.#..c......#..#.##..
..##..#.#.P....#@......#
#..##.#........#....#...
##.##.#.########.....(##
.##.#.. .....### .##..##
...#.# ..##. .###..#.# ..
..# ......#.. #.####
......# #.### #.###
#.....## ..#


You could see a centaur (inner flame).

Vanquished Creatures
  2 orc priests (D:4)
  2 orc wizards
  Robin (D:2)
  3 gnolls (D:4)
  2 adders (D:4)
  An ufetubus (D:4)
  2 worms
  9 orcs
  7 ball pythons
  10 endoplasms
  A giant cockroach (D:2)
  9 goblins (D:2)
  7 hobgoblins
  4 jackals
  2 quokkas
  4 bats
  2 frilled lizards
  5 kobolds
  2 rats
75 creatures vanquished.

Vanquished Creatures (collateral kills)
  A foxfire (D:4)
1 creature vanquished.

Vanquished Creatures (others)
  120 foxfires
  8 plants (D:4)
128 creatures vanquished.

Grand Total: 204 creatures vanquished

Notes
Turn   | Place    | Note
-------+----------+-------------------------------------------
     0 | D:1      | themarg the Djinni Fire Elementalist began the quest for
                  | the Orb.
     0 | D:1      | themarg set off with the following spells memorised:
                  | Foxfire, Scorch, Kindle Blastsparks, Inner Flame, Flame
                  | Wave.
     0 | D:1      | Reached XP level 1. HP: 15/15 MP: 0/0
   214 | D:1      | Reached XP level 2. HP: 19/21 MP: 0/0
   646 | D:1      | Reached skill level 3 in Spellcasting
   909 | D:2      | Noticed Sigmund
  1046 | D:2      | Reached XP level 3. HP: 24/25 MP: 0/0
  1046 | D:2      | Learned a level 1 spell: Necrotise
  1180 | D:2      | Noticed Robin
  2098 | D:2      | Killed Robin
  2099 | D:2      | Reached XP level 4. HP: 25/31 MP: 0/0
  2183 | D:2      | Found Hadaivvy's Armour Shop.
  2846 | D:3      | Found a basalt altar of Yredelemnul.
  2852 | D:3      | Found a glowing golden altar of the Shining One.
  2854 | D:3      | Noticed an angel
  3112 | D:3      | Found a faded altar of an unknown god.
  3399 | D:3      | Found a burning altar of Makhleb.
  3401 | D:3      | Noticed a balrug
  3600 | D:3      | Reached skill level 4 in Spellcasting
  3600 | D:3      | Reached XP level 5. HP: 5/35 MP: 0/0
  3600 | D:3      | Learned a level 2 spell: Searing Ray
  4176 | D:4      | Noticed a lemure
  4196 | D:4      | Reached XP level 6. HP: 17/41 MP: 0/0
  4614 | D:4      | Reached skill level 5 in Spellcasting
  4723 | D:4      | Shot with an arrow by a centaur

Illustrated notes

Levels and vault maps discovered:
D:1:      ebering_trefoil_twist, layout_rooms, dreamdust_mushroom_princess,
          minmay_pentomino_u4
D:2:      layout_loops_corners, serial_shops, shop, minmay_cut_off, uniq_robin,
          uniq_sigmund
D:3:      layout_basic, grunt_temple_overflow_holy_war,
          makhleb_altar_promises_db, basic_ecumenical_altar, st_stairs_9
D:4:      cheibrodos_old_hovel, layout_rooms, serial_bayou_ford_a, uniq_pikel

Skill      XL: |  1  2  3  4  5  6 |
---------------+-------------------+-----
Spellcasting   | 3 4 5 |  5.0
Stealth        | 2 |  2.1
Fighting       | |  0.4
Short Blades   | |  0.1
Dodging        | |  2.2

Action                   |  1- 3 |  4- 6 || total
-------------------------+-------+-------++-------
Melee: Whip              |     6 |       ||     6
       Dagger            |       |    16 ||    16
       Punch             |       |     1 ||     1
 Cast: Foxfire           |    55 |    43 ||    98
       Scorch            |     5 |    20 ||    25
       Necrotise         |     1 |       ||     1
       Kindle Blastspark |     1 |       ||     1
       Searing Ray       |       |     2 ||     2
       Inner Flame       |       |     2 ||     2
  Use: Potion            |       |     1 ||     1
Armor: Robe              |     1 |     3 ||     4
Dodge: Dodged            |     8 |    30 ||    38

Table legend: (Time is in decaauts)
 A = Elapsed time spent in this place.
 B = Non-inter-level travel time spent in this place.
 C = Inter-level travel time spent in this place.
 D = Time resting spent in this place.
 E = Time spent auto-exploring this place.
 F = Levels seen in this place.
 G = Mean time per level.
                   A        B        C        D        E       F      G
               +--------+--------+--------+--------+--------+-----+--------+
         Total |   4724 |   4582 |    142 |   1933 |   2003 |   4 | 1181.0 |
       Dungeon |   4724 |   4582 |    142 |   1933 |   2003 |   4 | 1181.0 |
               +--------+--------+--------+--------+--------+-----+--------+

Top non-repeatable levels by time:
     D:3: 1675 daAuts
     D:2: 1350 daAuts
     D:1: 1014 daAuts
     D:4: 684 daAuts
